[Event "Titled Tuesday Blitz April 25 Late 2023"]
[White "Quirke, Jeffrey"]
[Black "Dargan, Paul A G"]
[WhiteFideId "2013029"]
[BlackFideId "416762"]
[WhiteElo "2007"]
[BlackElo "2042"]
[Result "0-1"]
[Round "06"]
[TimeControl "180+2"]
[Date "2023.04.25"]
[WhiteClock "0:00:02"]
[BlackClock "0:00:08"]

1. e4 c5 2. Nc3 Nc6 3. f4 g6 4. Nf3 Bg7 5. a4 e6 6. e5 d5 7. d4 cxd4 8. Nb5 Nge7 9. Nd6+ Kf8 10. Bd3 Bd7 11. O-O Qc7 12. Bb5 Nc8 13. Nxc8 Rxc8 14. Bxc6 bxc6 15. Nxd4 c5 16. Nf3 h6 17. h4 Kg8 18. g4 Kh7 19. h5 d4 20. Qd3 Rhf8 21. Nh4 Be8 22. b3 f5 23. hxg6+ Bxg6 24. Nxg6 Kxg6 25. Rf2 Kh7 26. g5 Rg8 27. Rh2 Kg6 28. Qh3 Kf7 29. Qh5+ Ke7 30. Kf2 hxg5 31. Qxg5+ Kd7 32. Rh7 Kc6 33. Qg6 Qd7 34. Ba3 Rc7 35. b4 d3 36. cxd3 Qxd3 37. Rc1 Qd2+ 38. Kf3 Kb7 0-1


[Site "https://www.chess.com"]

[Event "Titled Tuesday Blitz April 25 Late 2023"]
[White "Sanchez, Robert"]
[Black "Holtel, Jasper"]
[WhiteFideId "2034360"]
[BlackFideId "12956376"]
[WhiteElo "1966"]
[BlackElo "2372"]
[Result "0-1"]
[Round "06"]
[TimeControl "180+2"]
[Date "2023.04.25"]
[WhiteClock "0:01:32"]
[BlackClock "0:01:04"]

1. e4 e6 2. d4 d5 3. Nc3 Nf6 4. e5 Nfd7 5. f4 c5 6. Nf3 Nc6 7. Be3 cxd4 8. Nxd4 Qb6 9. Qd2 Qxb2 10. Rb1 Qa3 11. Rb3 Qa5 12. Bb5 Nxd4 13. Bxd4 a6 14. Bxd7+ Bxd7 15. Rxb7 Bc5 16. O-O Bc6 17. Rb3 O-O 18. Kh1 Bxd4 19. Qxd4 Rfc8 20. h3 Bb5 21. Rf3 Rc4 22. Qf2 Rac8 23. f5 Rxc3 24. fxe6 Rxf3 25. Qxf3 Qe1+ 26. Kh2 0-1


[Site "https://www.chess.com"]

[Event "Titled Tuesday Blitz April 25 Late 2023"]
[White "Esipenko, Andrey"]
[Black "Nakamura, Hikaru"]
[WhiteFideId "24175439"]
[BlackFideId "2016192"]
[WhiteElo "2615"]
[BlackElo "2885"]
[Result "1-0"]
[Round "07"]
[TimeControl "180+2"]
[Date "2023.04.25"]
[WhiteClock "0:00:10"]
[BlackClock "0:00:28"]

1. d4 Nf6 2. c4 e6 3. Nf3 Bb4+ 4. Nbd2 b6 5. a3 Bxd2+ 6. Bxd2 Bb7 7. e3 Ne4 8. Be2 Nxd2 9. Qxd2 d6 10. O-O Nd7 11. d5 e5 12. Qc2 a5 13. b4 O-O 14. Nd2 Qe7 15. Nb3 f5 16. Bd3 a4 17. Nd2 e4 18. Be2 Ne5 19. Rac1 Rf7 20. Qc3 Re8 21. Qd4 Ba6 22. Rfe1 Ref8 23. f4 exf3 24. Nxf3 f4 25. Nxe5 dxe5 26. Qe4 Bc8 27. exf4 Rxf4 28. Qe3 Qg5 29. c5 Bg4 30. d6 Be6 31. dxc7 b5 32. Bxb5 Bd5 33. g3 h5 34. Qxe5 R4f5 35. Qe3 Qf6 36. Bd7 Rf2 37. Be6+ Bxe6 38. Qxe6+ Qxe6 39. Rxe6 R2f7 40. Rc6 Rc8 41. b5 1-0


[Site "https://www.chess.com"]

[Event "Titled Tuesday Blitz April 25 Late 2023"]
[White "Nihal Sarin"]
[Black "Bortnyk, Olexandr"]
[WhiteFideId "25092340"]
[BlackFideId "14120828"]
[WhiteElo "2689"]
[BlackElo "2734"]
[Result "1-0"]
[Round "07"]
[TimeControl "180+2"]
[Date "2023.04.25"]
[WhiteClock "0:00:40"]
[BlackClock "0:00:07"]

1. b4 e5 2. Bb2 f6 3. a3 d5 4. e3 Be6 5. g3 Qd7 6. Bg2 a5 7. bxa5 Nc6 8. d3 Nxa5 9. Nd2 h5 10. h3 Bd6 11. Ne2 Ne7 12. h4 c5 13. O-O g5 14. hxg5 fxg5 15. Nf3 h4 16. Nxe5 Qc7 17. Nc4 dxc4 18. Bxh8 O-O-O 19. Bf6 h3 20. Be4 Be5 21. Bxe5 Qxe5 22. f4 gxf4 23. Nxf4 cxd3 24. cxd3 Rg8 25. Nxe6 Rxg3+ 26. Kh1 Qxe6 27. Qh5 Nb3 28. Rab1 h2 29. Rxb3 Rg1+ 30. Rxg1 hxg1=Q+ 31. Kxg1 Qxb3 32. Qe8+ Kc7 33. Qxe7+ Kb6 34. Qxb7+ 1-0


[Site "https://www.chess.com"]

[Event "Titled Tuesday Blitz April 25 Late 2023"]
[White "Makarian, Rudik"]
[Black "Duda, Jan-Krzysztof"]
[WhiteFideId "44105681"]
[BlackFideId "1170546"]
[WhiteElo "2430"]
[BlackElo "2790"]
[Result "1/2-1/2"]
[Round "07"]
[TimeControl "180+2"]
[Date "2023.04.25"]
[WhiteClock "0:00:08"]
[BlackClock "0:00:04"]

1. d4 Nf6 2. c4 g6 3. Nc3 d5 4. Bf4 Bg7 5. e3 O-O 6. Rc1 Be6 7. Nf3 dxc4 8. Ng5 Bd5 9. e4 h6 10. exd5 hxg5 11. Bxg5 Nxd5 12. Bxc4 Nb6 13. Bb3 Nc6 14. d5 Nd4 15. O-O Qd7 16. a4 a5 17. Ba2 Rfe8 18. Re1 Rad8 19. h4 c6 20. dxc6 bxc6 21. Qd3 Nd5 22. Nxd5 cxd5 23. h5 Qg4 24. Bxe7 Rd7 25. Bc5 Rxe1+ 26. Rxe1 Ne6 27. Qb5 Nxc5 28. Qxc5 Bd4 29. Qc8+ Kg7 30. hxg6 Qf4 31. Rf1 Re7 32. Qc2 Re5 33. gxf7 Rh5 34. f8=Q+ Kxf8 35. Qc8+ Kg7 36. Qd7+ Kf8 37. Qd8+ Kg7 38. Qe7+ Kh6 39. Qe6+ Kg7 40. Qe7+ Kh6 41. Qe6+ Kg7 42. Qe7+ 1/2-1/2


[Site "https://www.chess.com"]

[Event "Titled Tuesday Blitz April 25 Late 2023"]
[White "Janik, Igor"]
[Black "Martinez Alcantara, Jose Eduardo"]
[WhiteFideId "1159259"]
[BlackFideId "3805662"]
[WhiteElo "2484"]
[BlackElo "2711"]
[Result "0-1"]
[Round "07"]
[TimeControl "180+2"]
[Date "2023.04.25"]
[WhiteClock "0:00:02"]
[BlackClock "0:00:09"]

1. e4 c5 2. Nf3 d6 3. Bb5+ Nd7 4. O-O a6 5. Bd3 Ngf6 6. Re1 e6 7. a4 b6 8. c3 Bb7 9. Bc2 c4 10. Na3 Rc8 11. d4 cxd3 12. Bxd3 Nc5 13. Bg5 h6 14. Bxf6 gxf6 15. b4 Nd7 16. Nc4 Qc7 17. Bf1 Rg8 18. Qd2 Rg4 19. Qd3 Be7 20. Rad1 d5 21. exd5 Bxd5 22. Ne3 Bxf3 23. Nxg4 Bxg4 24. Rc1 a5 25. Qh7 Bf5 26. Qxh6 Bf8 27. Qe3 Bd6 28. g3 Ke7 29. Bb5 Ne5 30. f4 Ng4 31. Qd2 Rd8 32. Qe2 Rh8 33. Red1 Rxh2 34. Qf3 axb4 35. cxb4 Rc2 0-1


[Site "https://www.chess.com"]

[Event "Titled Tuesday Blitz April 25 Late 2023"]
[White "Caruana, Fabiano"]
[Black "Terry, Renato"]
[WhiteFideId "2020009"]
[BlackFideId "3803457"]
[WhiteElo "2837"]
[BlackElo "2575"]
[Result "0-1"]
[Round "07"]
[TimeControl "180+2"]
[Date "2023.04.25"]
[WhiteClock "0:00:03"]
[BlackClock "0:00:04"]

1. d4 e6 2. c4 Bb4+ 3. Bd2 Qe7 4. g3 Nf6 5. Bg2 O-O 6. Nf3 Bxd2+ 7. Qxd2 d6 8. Nc3 e5 9. O-O Re8 10. e4 Bg4 11. d5 Bxf3 12. Bxf3 a5 13. Bg2 Nbd7 14. f4 Nc5 15. Rae1 c6 16. h3 Rad8 17. Kh2 h6 18. b3 Nh5 19. f5 Qg5 20. Qe3 Qxe3 21. Rxe3 Nf6 22. g4 Na6 23. Rd1 c5 24. Kg3 g5 25. fxg6 fxg6 26. Rf1 Kg7 27. h4 Nc7 28. Bf3 Rf8 29. Rb1 Rf7 30. a3 Rdf8 31. Be2 Nd7 32. g5 h5 33. Bf3 Rf4 34. Ne2 b5 35. Rd3 R4f7 36. Bg2 Nb6 37. Rc1 Rb8 38. Bh3 bxc4 39. bxc4 Na4 40. Be6 Re7 41. Rf1 Nxe6 42. dxe6 Rxe6 43. Rdf3 Re7 44. Rf6 Rb6 45. Kg2 Reb7 46. Rd1 Rd7 47. Rd2 Nb2 48. Nc3 Nxc4 49. Re2 Rf7 50. Nd5 Rb3 51. Ref2 Rxf6 52. Rxf6 Ne3+ 53. Nxe3 Rxe3 54. Rxd6 Rxe4 55. Rd7+ Kf8 56. Rd6 Kf7 57. Rf6+ Kg7 58. Ra6 Rxh4 59. Rxa5 Rg4+ 60. Kf3 Rxg5 61. Ke4 h4 62. Rxc5 h3 63. Rc1 Rh5 64. a4 h2 65. Rh1 Kf6 66. a5 Rh7 67. a6 Ke6 68. Kf3 Ra7 69. Rxh2 Rxa6 70. Kg4 Kf6 71. Rf2+ Kg7 72. Re2 Re6 73. Kg5 Re7 74. Re4 Re6 75. Re3 e4 76. Kf4 Kf6 77. Re2 e3 78. Kf3 Kf5 79. Kg3 Ke4 80. Kg4 Kd3 0-1


[Site "https://www.chess.com"]

[Event "Titled Tuesday Blitz April 25 Late 2023"]
[White "Svane, Frederik"]
[Black "Firouzja, Alireza"]
[WhiteFideId "12923044"]
[BlackFideId "12573981"]
[WhiteElo "2502"]
[BlackElo "2904"]
[Result "0-1"]
[Round "07"]
[TimeControl "180+2"]
[Date "2023.04.25"]
[WhiteClock "0:00:02"]
[BlackClock "0:00:05"]

1. g3 e5 2. c4 Nf6 3. Bg2 c6 4. d4 e4 5. Nc3 d5 6. f3 exf3 7. Nxf3 dxc4 8. O-O Be7 9. e4 O-O 10. Qe2 b5 11. a3 Bg4 12. Be3 Nbd7 13. h3 Bh5 14. Rad1 Re8 15. g4 Bg6 16. Nd2 Nb6 17. h4 h5 18. e5 Nxg4 19. Bxc6 Bxh4 20. Nde4 a6 21. Bxe8 Qxe8 22. Nd6 Qd7 23. Qf3 Rf8 24. Nce4 Nd5 25. Nc5 Qc6 26. Bc1 Be7 27. Nce4 f6 28. Nc3 fxe5 29. Qxd5+ Qxd5 30. Nxd5 Bxd6 31. Rxf8+ Kxf8 32. dxe5 Nxe5 33. Bf4 Bc5+ 34. Kh2 Nd3 35. Rf1 Bf7 36. Bd2 Nxb2 37. Nc7 Bxa3 38. Ne6+ Kg8 39. Ng5 Bd6+ 40. Kh3 Bg6 41. Bc3 Nd3 42. Ra1 Be7 43. Rxa6 Bxg5 44. Rxg6 Nf4+ 45. Kg3 Nxg6 0-1


[Site "https://www.chess.com"]

[Event "Titled Tuesday Blitz April 25 Late 2023"]
[White "Sarana, Alexey"]
[Black "Kevlishvili, Robby"]
[WhiteFideId "24133795"]
[BlackFideId "1040634"]
[WhiteElo "2714"]
[BlackElo "2572"]
[Result "1-0"]
[Round "07"]
[TimeControl "180+2"]
[Date "2023.04.25"]
[WhiteClock "0:00:55"]
[BlackClock "0:00:02"]

1. d4 d5 2. c4 e6 3. Nc3 a6 4. cxd5 exd5 5. Bf4 c6 6. e3 Bd6 7. Bxd6 Qxd6 8. Bd3 Ne7 9. Nf3 Bf5 10. Qb3 Qc7 11. Bxf5 Nxf5 12. Rc1 Nd7 13. Nxd5 Qa5+ 14. Nc3 Rb8 15. O-O O-O 16. e4 Nd6 17. e5 Nb5 18. Ne4 Nb6 19. Nc5 Nc7 20. Ng5 h6 21. Nge4 Nb5 22. Rfd1 Rfd8 23. e6 Nd5 24. exf7+ Kxf7 25. a4 b6 26. Nd3 Nxd4 27. Ne5+ Ke6 28. Rxd4 Kxe5 29. Rcd1 Nf4 30. Qe3 Rxd4 31. Qxd4+ Kf5 32. Ng3+ Kg5 33. h4+ Kg4 34. f3+ 1-0


[Site "https://www.chess.com"]

[Event "Titled Tuesday Blitz April 25 Late 2023"]
[White "Deac, Bogdan-Daniel"]
[Black "Grigoriants, Sergey"]
[WhiteFideId "1226380"]
[BlackFideId "4130804"]
[WhiteElo "2649"]
[BlackElo "2502"]
[Result "1-0"]
[Round "07"]
[TimeControl "180+2"]
[Date "2023.04.25"]
[WhiteClock "0:00:04"]
[BlackClock "0:00:01"]

1. d4 d5 2. Bf4 c5 3. e3 Nc6 4. c3 Qb6 5. Qb3 c4 6. Qc2 e5 7. Bxe5 Bf5 8. Qc1 Nxe5 9. dxe5 f6 10. e6 Qxe6 11. Nf3 Bc5 12. b3 Rc8 13. Nbd2 Bb6 14. bxc4 dxc4 15. Qa3 Ne7 16. Qa4+ Qd7 17. Qxd7+ Bxd7 18. Nxc4 Bc7 19. Rb1 b6 20. Nd4 Nd5 21. Kd2 Ke7 22. Na3 f5 23. Ba6 Rcd8 24. Bd3 g6 25. Nab5 Bb8 26. a4 Rc8 27. Rhc1 Rhd8 28. g3 Nf6 29. c4 Ng4 30. Ke2 Ne5 31. Nc3 Nxd3 32. Kxd3 Kf7 33. Ra1 g5 34. a5 f4 35. axb6 axb6 36. gxf4 gxf4 37. Nd5 fxe3 38. fxe3 Be5 39. Rf1+ Kg8 40. Ne7+ Kh8 41. Nxc8 Bxc8 42. Ra7 Bh3 43. Rff7 1-0


[Site "https://www.chess.com"]

[Event "Titled Tuesday Blitz April 25 Late 2023"]
[White "Zhigalko, Sergei"]
[Black "Bluebaum, Matthias"]
[WhiteFideId "13502956"]
[BlackFideId "24651516"]
[WhiteElo "2626"]
[BlackElo "2638"]
[Result "0-1"]
[Round "07"]
[TimeControl "180+2"]
[Date "2023.04.25"]
[WhiteClock "0:00:02"]
[BlackClock "0:00:53"]

1. e4 e6 2. d4 d5 3. e5 c5 4. c3 Nc6 5. Nf3 Nge7 6. Na3 Bd7 7. Nc2 Qa5 8. Bd3 Nxd4 9. Ncxd4 cxd4 10. Nxd4 Nc6 11. Nxc6 Bxc6 12. O-O d4 13. cxd4 Qd5 14. Qg4 h5 15. Qh3 Qxd4 16. Bg5 Qxe5 17. f4 Bc5+ 18. Kh1 Qe3 19. Qxe3 Bxe3 20. Rae1 Bd4 21. f5 e5 22. f6 g6 23. Bc4 O-O 24. Re2 Rac8 25. b3 Rfd8 26. h4 Bd5 27. Bd3 Be6 28. Be4 b6 29. Be3 Rc3 30. Bxd4 Rxd4 31. Rfe1 a5 32. Kg1 b5 33. Bf3 a4 0-1


[Site "https://www.chess.com"]

[Event "Titled Tuesday Blitz April 25 Late 2023"]
[White "Lazavik, Denis"]
[Black "Melkumyan, Hrant"]
[WhiteFideId "13515110"]
[BlackFideId "13302485"]
[WhiteElo "2560"]
[BlackElo "2604"]
[Result "1-0"]
[Round "07"]
[TimeControl "180+2"]
[Date "2023.04.25"]
[WhiteClock "0:01:06"]
[BlackClock "0:00:05"]

1. d4 Nf6 2. c4 e6 3. Nf3 d5 4. g3 Be7 5. Bg2 O-O 6. O-O dxc4 7. Qc2 a6 8. a4 Bd7 9. Qxc4 Bc6 10. Bg5 a5 11. Rd1 Na6 12. Nc3 Nb4 13. Bxf6 Bxf6 14. e4 g6 15. h4 Bg7 16. Ne5 Ra6 17. Qe2 Be8 18. Rd2 Rb6 19. Rad1 Nc6 20. Nc4 Rb4 21. d5 exd5 22. Nxd5 Rxa4 23. b3 Rxc4 24. Qxc4 Qb8 25. f4 b5 26. Qc5 a4 27. bxa4 bxa4 28. e5 Qb3 29. Rd3 Qb2 30. R1d2 Qb1+ 31. Kh2 h5 32. Nxc7 Nb4 33. Rd8 a3 34. Nxe8 a2 35. Nf6+ Bxf6 36. Qxf8+ Kh7 37. exf6 a1=Q 38. Qg7# 1-0


[Site "https://www.chess.com"]

[Event "Titled Tuesday Blitz April 25 Late 2023"]
[White "Paravyan, David"]
[Black "Rustemov, Alexander"]
[WhiteFideId "4194985"]
[BlackFideId "4119002"]
[WhiteElo "2563"]
[BlackElo "2525"]
[Result "1-0"]
[Round "07"]
[TimeControl "180+2"]
[Date "2023.04.25"]
[WhiteClock "0:00:18"]
[BlackClock "0:00:02"]

1. e4 e6 2. d4 d5 3. Nd2 dxe4 4. Nxe4 Bd7 5. Nf3 Bc6 6. Ng3 Nd7 7. Bd3 Ngf6 8. O-O Be7 9. Re1 O-O 10. a4 a5 11. Qe2 Bxf3 12. Qxf3 c6 13. c3 Re8 14. Bc2 Nd5 15. Bd2 Bg5 16. Bxg5 Qxg5 17. Ne4 Qe7 18. Nd2 Qf6 19. Qg3 Qf4 20. Nc4 Qxg3 21. hxg3 Red8 22. g4 h6 23. f3 N7b6 24. Ne5 Nd7 25. Nd3 Rac8 26. Bb3 N5f6 27. Kf2 c5 28. dxc5 Nxc5 29. Nxc5 Rxc5 30. Rad1 Rcc8 31. Kg3 b6 32. Ba2 Kf8 33. Bb1 Ke7 34. Bd3 Rd6 35. Bb5 Rcd8 36. Rxd6 Rxd6 37. b4 Nd5 38. bxa5 bxa5 39. c4 Nc3 40. c5 Rd4 41. c6 Kd6 42. c7 Kxc7 43. Rc1 Kd6 44. Rxc3 g5 45. Rc6+ Ke7 46. Ra6 f5 47. gxf5 exf5 48. Rxh6 1-0


[Site "https://www.chess.com"]

[Event "Titled Tuesday Blitz April 25 Late 2023"]
[White "Bortnyk, Mykola"]
[Black "Makaraci, Tunahan"]
[WhiteFideId "14120836"]
[BlackFideId "6356559"]
[WhiteElo "2582"]
[BlackElo "2160"]
[Result "1-0"]
[Round "07"]
[TimeControl "180+2"]
[Date "2023.04.25"]
[WhiteClock "0:01:44"]
[BlackClock "0:00:33"]

1. e4 c5 2. c3 Nf6 3. e5 Nd5 4. Nf3 d6 5. Bc4 Nb6 6. Bb3 Nc6 7. exd6 exd6 8. O-O Be7 9. d4 c4 10. Bc2 d5 11. Re1 O-O 12. h3 Nd7 13. Nbd2 Nf6 14. Nf1 Re8 15. Ng3 b5 16. Bg5 h6 17. Bf4 Be6 18. Ne5 Nxe5 19. dxe5 Nd7 20. Qf3 Bg5 21. Rad1 Bxf4 22. Qxf4 Qg5 23. Qd4 f5 24. Ne2 Qe7 25. Nf4 Nb6 26. h4 Rad8 27. h5 Qg5 28. Re3 Kh7 29. Rde1 Nc8 30. Rg3 Qe7 31. Rg6 Qf7 32. Re3 Re7 33. Rf3 Rf8 34. Nxe6 1-0


[Site "https://www.chess.com"]

[Event "Titled Tuesday Blitz April 25 Late 2023"]
[White "Bronstein, Or"]
[Black "Naroditsky, Daniel"]
[WhiteFideId "2815770"]
[BlackFideId "2026961"]
[WhiteElo "2356"]
[BlackElo "2633"]
[Result "0-1"]
[Round "07"]
[TimeControl "180+2"]
[Date "2023.04.25"]
[WhiteClock "0:00:05"]
[BlackClock "0:00:04"]

1. d4 Nf6 2. c4 g6 3. Nc3 Bg7 4. e4 d6 5. Be2 O-O 6. Be3 Nc6 7. d5 Ne5 8. Nf3 Nxf3+ 9. Bxf3 Nd7 10. O-O e5 11. dxe6 fxe6 12. Rc1 a5 13. b3 Qe7 14. g3 Ne5 15. Bg2 Nc6 16. h4 Bd7 17. Nb5 Be8 18. Qd2 Ne5 19. Qe2 c6 20. Nc3 Nd7 21. Rfd1 Rd8 22. Bh3 e5 23. Qd2 Rf6 24. Bg5 Nc5 25. Bg2 Ne6 26. Bxf6 Bxf6 27. Ne2 g5 28. hxg5 Bxg5 29. f4 exf4 30. gxf4 Bh6 31. Rf1 Bh5 32. Rce1 Rf8 33. e5 dxe5 34. Ng3 Nxf4 35. Qc3 Qg7 36. Rxe5 Bg6 37. Rfe1 Nxg2 38. Kxg2 Bf4 39. R5e3 Bxe3 40. Qxg7+ Kxg7 41. Rxe3 Rf7 42. Ne2 Rd7 43. Nf4 Kf6 44. Nxg6 hxg6 45. Kf3 Kf5 46. a3 g5 47. Re7 Rxe7 0-1


[Site "https://www.chess.com"]

[Event "Titled Tuesday Blitz April 25 Late 2023"]
[White "Andreikin, Dmitry"]
[Black "Bryakin, Mikhail"]
[WhiteFideId "4158814"]
[BlackFideId "4165314"]
[WhiteElo "2736"]
[BlackElo "2447"]
[Result "0-1"]
[Round "07"]
[TimeControl "180+2"]
[Date "2023.04.25"]
[WhiteClock "0:00:02"]
[BlackClock "0:00:08"]

1. e4 Nf6 2. e5 Nd5 3. d4 d6 4. Nf3 Bg4 5. h3 Bh5 6. e6 fxe6 7. Be2 Qd7 8. O-O Nc6 9. c4 Nf6 10. Nc3 O-O-O 11. Be3 Kb8 12. d5 Bxf3 13. Bxf3 Ne5 14. Be2 c5 15. f4 Nf7 16. b4 Rc8 17. Rb1 g6 18. bxc5 dxc5 19. Na4 Ne4 20. dxe6 Qxd1 21. Rfxd1 Nfd6 22. Bf3 b6 23. Rd5 Kc7 24. Bxe4 Nxe4 25. Rd7+ Kb8 26. Nxb6 axb6 27. Rxb6+ Ka8 28. Ra6+ Kb8 29. Rb6+ Ka8 30. Rd3 Ka7 31. Rb5 Rc6 32. Rd7+ Ka6 33. Rd8 Bg7 34. Rd3 Ka7 35. Rd7+ Ka6 36. Rxe7 Bd4 37. Bxd4 cxd4 38. Rd7 Rxe6 39. Rxd4 Nc3 40. Rd7 Nxb5 41. cxb5+ Kxb5 42. Kf2 h6 43. Kf3 Kc6 44. Ra7 Rhe8 45. Kg4 Kd5 46. g3 Rf8 47. h4 Ref6 48. Ra5+ Ke4 49. Re5+ Kd4 50. a4 Ra6 51. a5 Rc8 52. Re7 Rcc6 53. Rh7 h5+ 54. Kg5 Rxa5+ 55. Kh6 Ra3 56. Rg7 Rxg3 57. Kh7 Rg4 58. f5 gxf5 59. Rf7 Ke5 60. Kh8 Rxh4 61. Re7+ Kf4 62. Ra7 Rg4 63. Rc7 Rd6 64. Rd7 Rdg6 65. Rg7 Kg3 66. Rf7 Rg8+ 67. Kh7 R4g7+ 68. Kh6 Rg6+ 69. Kh7 R8g7+ 70. Kh8 Rg5 71. Rxf5 Rxf5 72. Kxg7 h4 0-1


[Site "https://www.chess.com"]

[Event "Titled Tuesday Blitz April 25 Late 2023"]
[White "Anton Guijarro, David"]
[Black "Oro, Faustino"]
[WhiteFideId "2285525"]
[BlackFideId "20000197"]
[WhiteElo "2618"]
[BlackElo "1984"]
[Result "1-0"]
[Round "07"]
[TimeControl "180+2"]
[Date "2023.04.25"]
[WhiteClock "0:00:05"]
[BlackClock "0:00:05"]

1. d4 Nf6 2. Nf3 e6 3. Bg5 Be7 4. Nbd2 h6 5. Bxf6 Bxf6 6. e4 d5 7. c3 Nd7 8. Bd3 c5 9. e5 Be7 10. O-O O-O 11. Re1 g6 12. g3 Kg7 13. h4 h5 14. a3 a5 15. Nf1 Nb8 16. dxc5 Bxc5 17. Qd2 a4 18. N1h2 Nc6 19. g4 Rh8 20. Qf4 Be7 21. Kg2 Bd7 22. Rad1 Rb8 23. c4 dxc4 24. Bxc4 b5 25. Bd3 Qe8 26. Ng5 Bxg5 27. hxg5 Ne7 28. Qf6+ Kg8 29. Be4 Bc6 30. gxh5 Rxh5 31. Ng4 Bxe4+ 32. Rxe4 Nf5 33. Rd6 Rh4 34. Nh6+ Rxh6 35. gxh6 Kh7 36. Rf4 Rb7 37. Rxf5 1-0


[Site "https://www.chess.com"]

[Event "Titled Tuesday Blitz April 25 Late 2023"]
[White "Bilych, Olexiy"]
[Black "Kuzubov, Yuriy"]
[WhiteFideId "14156504"]
[BlackFideId "14112906"]
[WhiteElo "2320"]
[BlackElo "2496"]
[Result "0-1"]
[Round "07"]
[TimeControl "180+2"]
[Date "2023.04.25"]
[WhiteClock "0:00:03"]
[BlackClock "0:00:17"]

1. d4 Nf6 2. c4 e6 3. Nf3 d5 4. Nc3 Nbd7 5. Bg5 h6 6. Bh4 Be7 7. e3 O-O 8. Qc2 c5 9. dxc5 dxc4 10. Bxc4 Nxc5 11. O-O Qb6 12. Rfd1 Bd7 13. Ne5 Rfc8 14. Qe2 Be8 15. Rac1 Bf8 16. Rd2 g5 17. Bg3 Nce4 18. Nxe4 Nxe4 19. Rdc2 Bg7 20. Qf3 Nxg3 21. Qxg3 Qa5 22. Nd3 Rc6 23. h4 Rac8 24. hxg5 hxg5 25. Qg4 Qd8 26. Qe4 Qd6 27. a3 b5 28. Bb3 Rxc2 29. Rxc2 Rxc2 30. Bxc2 Bc6 31. Qg4 Bf6 32. Nf4 Be7 33. Qh5 Qe5 34. Qh7+ Kf8 35. Bg6 Qg7 36. Nh5 Qxg6 37. Qxg6 fxg6 38. Ng3 Bd6 0-1


[Site "https://www.chess.com"]

[Event "Titled Tuesday Blitz April 25 Late 2023"]
[White "Horton, Andrew P"]
[Black "Tari, Aryan"]
[WhiteFideId "424269"]
[BlackFideId "1510045"]
[WhiteElo "2401"]
[BlackElo "2561"]
[Result "1/2-1/2"]
[Round "07"]
[TimeControl "180+2"]
[Date "2023.04.25"]
[WhiteClock "0:00:13"]
[BlackClock "0:00:07"]

1. d4 Nf6 2. c4 g6 3. g3 Bg7 4. Bg2 O-O 5. Nc3 Nc6 6. Nf3 d5 7. cxd5 Nxd5 8. O-O Nb6 9. d5 Na5 10. e4 c6 11. Bg5 cxd5 12. Nxd5 Nxd5 13. exd5 h6 14. Bf4 Nc4 15. Qb3 Nd6 16. Rac1 Bg4 17. Rfe1 Bxf3 18. Bxf3 Qd7 19. Rc2 Nb5 20. Qa4 Rfd8 21. Kg2 Nd4 22. Qxd7 Rxd7 23. Rc7 Rxc7 24. Bxc7 Nxf3 25. Kxf3 Bf6 26. d6 exd6 27. Bxd6 Rd8 28. Bf4 g5 29. Be3 a6 30. b3 Kg7 31. Rc1 Rd7 32. g4 Kg6 33. h3 h5 34. Rc4 Be5 35. Rc5 f6 36. Rc8 f5 37. Rg8+ Rg7 38. Rxg7+ Bxg7 39. gxh5+ Kxh5 40. Bd2 Be5 41. Be3 Bf6 42. Bd2 Kg6 43. Be3 Kf7 44. Bd2 Ke6 45. Be3 Kd5 46. Ke2 b5 47. f3 Ke6 48. Kd3 Kf7 49. Bf2 Be5 50. Be3 Kg6 51. Bf2 Kf6 52. a4 Ke6 53. axb5 axb5 54. Be3 Bf6 55. Bf2 Kd5 56. Be3 Be7 57. Bd2 Ke5 58. Be3 Bd8 59. Bd2 Kd5 60. Be3 Bf6 61. Bd2 Ke6 62. Be3 Kf7 63. Bf2 Ke6 64. Be3 Be7 65. Bd2 Ke5 66. Be3 Kd5 67. Bd2 Bf6 68. Be3 Bd8 69. Bd2 Be7 70. Be3 Bd8 71. Bd2 Be7 72. Be3 Bd8 1/2-1/2


[Site "https://www.chess.com"]

[Event "Titled Tuesday Blitz April 25 Late 2023"]
[White "Fressinet, Laurent"]
[Black "Shivakumar, Shawnak"]
[WhiteFideId "608742"]
[BlackFideId "30940192"]
[WhiteElo "2633"]
[BlackElo "2089"]
[Result "1-0"]
[Round "07"]
[TimeControl "180+2"]
[Date "2023.04.25"]
[WhiteClock "0:00:58"]
[BlackClock "0:00:25"]

1. d4 d5 2. Nf3 Nf6 3. Bg5 Ne4 4. Bh4 h6 5. Nbd2 c5 6. e3 g5 7. Bg3 Bg7 8. c3 Nxg3 9. hxg3 Qb6 10. Qb3 Nd7 11. Be2 g4 12. Nh4 Nf6 13. Bb5+ Kf8 14. Be2 Bd7 15. Qa3 Rc8 16. O-O h5 17. Rac1 Bh6 18. Nb3 c4 19. Nc5 Bc6 20. b3 cxb3 21. axb3 Bg5 22. c4 Bxh4 23. gxh4 Kg7 24. Nd3 e6 25. Ne5 dxc4 26. bxc4 Be4 27. Bd3 Rc7 28. Rb1 Qa6 29. Qxa6 bxa6 30. c5 Bxd3 31. Nxd3 Nd5 32. Ra1 Rb8 33. g3 Rb3 34. Ne5 f6 35. Nc4 Nb4 36. Rfb1 Rxb1+ 37. Rxb1 Nc6 38. Ra1 Nb4 39. Nd6 e5 40. Ne8+ 1-0


[Site "https://www.chess.com"]

[Event "Titled Tuesday Blitz April 25 Late 2023"]
[White "Ghazarian, Kirk"]
[Black "Barria Santos, Jose Guilherme"]
[WhiteFideId "30908604"]
[BlackFideId "1939300"]
[WhiteElo "2346"]
[BlackElo "2266"]
[Result "1-0"]
[Round "07"]
[TimeControl "180+2"]
[Date "2023.04.25"]
[WhiteClock "0:00:19"]
[BlackClock "0:00:48"]

1. d4 Nf6 2. Nf3 g6 3. g3 Bg7 4. Bg2 O-O 5. b3 d6 6. Bb2 Nc6 7. O-O e5 8. d5 Ne7 9. c4 Ne8 10. Nc3 f5 11. Ng5 h6 12. Ne6 Bxe6 13. dxe6 c6 14. e4 Qc8 15. exf5 gxf5 16. f4 Qxe6 17. fxe5 dxe5 18. Qe2 Rd8 19. Kh1 Nf6 20. Rae1 e4 21. Nd1 Ng4 22. Bxg7 Kxg7 23. Nf2 Nxf2+ 24. Rxf2 Ng6 25. Ref1 Rf6 26. Bxe4 Re8 27. Bd3 Qxe2 28. Bxe2 f4 29. Bh5 Ref8 30. Bxg6 Kxg6 31. gxf4 Kf5 32. Re2 Re6 33. Rxe6 Kxe6 34. Kg2 Rd8 35. Kf3 Rd3+ 36. Kg4 Rd2 37. h4 Rxa2 38. Kh5 Kf6 39. Kxh6 Rb2 40. Rf3 b5 41. cxb5 cxb5 42. h5 a5 43. Rd3 a4 44. bxa4 bxa4 45. Rd6+ 1-0


[Site "https://www.chess.com"]

[Event "Titled Tuesday Blitz April 25 Late 2023"]
[White "Durarbayli, Vasif"]
[Black "Gonzalez Zamora, Juan Carlos"]
[WhiteFideId "13402935"]
[BlackFideId "3507548"]
[WhiteElo "2551"]
[BlackElo "2535"]
[Result "1-0"]
[Round "07"]
[TimeControl "180+2"]
[Date "2023.04.25"]
[WhiteClock "0:00:44"]
[BlackClock "0:00:49"]

1. e4 d6 2. d4 Nf6 3. Nc3 g6 4. h3 Bg7 5. Be3 c6 6. Qd2 b5 7. Bd3 Nbd7 8. Nf3 Nb6 9. a4 b4 10. Ne2 a5 11. Bh6 O-O 12. Ng3 c5 13. e5 dxe5 14. dxe5 Nfd5 15. Nh5 Bh8 16. Bxf8 Qxf8 17. Nf4 Nxf4 18. Qxf4 Be6 19. O-O Qe8 20. Bb5 Qb8 21. Rad1 Nd5 22. Qe4 Nc7 23. Bc4 Bf5 24. Qc6 Ne6 25. g4 Bxc2 26. Rd2 Nd8 27. Qe8+ Kg7 28. Rxd8 Qxd8 29. Qxf7+ 1-0


[Site "https://www.chess.com"]

[Event "Titled Tuesday Blitz April 25 Late 2023"]
[White "Demchenko, Anton"]
[Black "Adla, Diego"]
[WhiteFideId "4160258"]
[BlackFideId "100072"]
[WhiteElo "2545"]
[BlackElo "2377"]
[Result "0-1"]
[Round "07"]
[TimeControl "180+2"]
[Date "2023.04.25"]
[WhiteClock "0:00:01"]
[BlackClock "0:00:15"]

1. e4 e5 2. Nf3 Nc6 3. Bc4 Nf6 4. d3 Bc5 5. Bg5 h6 6. Bh4 Be7 7. Bg3 d6 8. a4 O-O 9. h3 Be6 10. Bxe6 fxe6 11. c3 Nh5 12. Nbd2 Qe8 13. O-O Qg6 14. Kh2 a5 15. Qb3 Rab8 16. Rad1 Rf7 17. d4 exd4 18. Nxd4 Nxd4 19. cxd4 b6 20. Rde1 Rbf8 21. Nf3 Bd8 22. Re3 Kh8 23. Rfe1 Kh7 24. R1e2 Kh8 25. Qc4 Kh7 26. b4 axb4 27. Qxb4 Kh8 28. Qc4 Kh7 29. Qc6 Kh8 30. Rc3 Kh7 31. Qb5 Nf4 32. Bxf4 Rxf4 33. Qd3 Kh8 34. Re3 Qh5 35. e5 d5 36. Rc6 Qf7 37. Rc3 g5 38. Rc2 g4 39. hxg4 Rxg4 40. g3 Re4 41. Ng1 Rxe3 42. Qxe3 Qf5 43. Re2 Bg5 44. Qc3 Rf7 0-1


[Site "https://www.chess.com"]